 Dungeon Crawl Stone Soup version 0.30-b1-5-g8e6c1be481 (webtiles) character file.

Game seed: 15200509262425491231

346 Mysteryquy the Covered (level 6, -8/55 HPs)
             Began as a Minotaur Fighter on May 4, 2023.
             Mangled by Pikel
             ... wielding a +0 whip of electrocution
              (20 damage)
             ... on level 4 of the Dungeon.
             The game lasted 00:03:23 (2236 turns).

Mysteryquy the Covered (Minotaur Fighter)           Turns: 2236, Time: 00:03:24

Health: -8/55      AC: 12    Str: 22    XL:     6   Next: 32%
Magic:  5/5        EV:  6    Int:  5    God:
Gold:   170        SH:  0    Dex: 10    Spells: 5/5 levels left

rFire   . . .        u - +1 executioner's axe (elec)
rCold   . . .        (shield currently unavailable)
rNeg    . . .        e - +0 plate armour
rPois   .            (helmet restricted)
rElec   .            (no cloak)
rCorr   .            (no gloves)
SInv    .            (no boots)
Will    .....        (no amulet) Stlth
                     (no ring)
HPRegen 0.29/turn    (no ring)
MPRegen 0.09/turn

%: no passive effects
@: mighty
A: horns 2, retaliatory headbutt
a: no special abilities


You were on level 4 of the Dungeon.
You visited 1 branch of the dungeon, and saw 5 of its levels.

You collected 170 gold pieces.

Inventory:

Hand Weapons
 a - a +0 war axe
 u - a +1 executioner's axe of electrocution (weapon)
Armour
 b - a +0 scale mail
 c - a +0 buckler
 e - a +0 plate armour (worn)
Jewellery
 k - a ring of fire
 q - a ring of magical power
Scrolls
 f - a scroll of teleportation {unknown}
 i - 4 scrolls of identify {unknown}
 j - a scroll of noise {unknown}
 m - a scroll of vulnerability {unknown}
 n - 2 scrolls of enchant armour {unknown}
 p - a scroll of blinking {unknown}
 t - a scroll of acquirement {unknown}
 v - a scroll of poison {unknown}
 x - a scroll of immolation {unknown}
Potions
 d - a potion of might
 g - a potion of magic {unknown}
 h - a potion of curing {unknown}
 l - 2 potions of mutation {unknown}
 o - a potion of attraction {unknown}
 r - 2 potions of heal wounds {unknown}
 s - 3 potions of lignification {unknown}
 w - 2 potions of flight {unknown}


   Skills:
 + Level 4.9 Fighting
 + Level 5.3 Axes
 + Level 5.4 Armour
 + Level 0.4 Dodging
 + Level 4.7 Shields


You had 5 spell levels left.
You didn't know any spells.
Your spell library contained the following spells:

 Spells                   Type           Power      Damage    Failure   Level
 Magic Dart               Conj           0%         1d3       100%        1
 Call Imp                 Summ           0%         N/A       100%        2
 Gell's Gravitas          Tloc           0%         N/A       100%        3
 Mephitic Cloud           Conj/Pois/Air  0%         N/A       100%        3
 Teleport Other           Tloc           0%         N/A       100%        3
 Dispersal                Tloc           0%         N/A       100%        6


Dungeon Overview and Level Annotations

Branches:
Dungeon (5/15)
 Temple: D:4-7

Altars:
Gozag
Trog

Shops:
D:3 [

Annotations:
D:4 Pikel


Innate Abilities, Weirdness & Mutations

You have a pair of horns on your head.
You reflexively headbutt those who attack you in melee.


Message History

Sorry, you're not good enough to have a special ability.
Sorry, you're not good enough to have a special ability.
You feel very mighty all of a sudden.
Pikel zaps a wand.
The puff of flame hits you but does no damage.
The lemure hits you but does no damage.
You slice the lemure!! You headbutt the lemure.
You kill the lemure!
That felt strangely unrewarding.
You closely miss the lemure. You slice Pikel!! Your headbutt misses Pikel.
Pikel is severely wounded.
You barely miss the lemure. The lemure hits you but does no damage.
Pikel hits you with a +0 whip of electrocution.
You hit Pikel. Your headbutt misses Pikel.
Pikel is severely wounded.
You hit the lemure. You closely miss the lemure.
Pikel hits you with a +0 whip of electrocution.
The lemure barely misses you. The lemure hits you.
Pikel hits you with a +0 whip of electrocution.
The lemure hits you but does no damage. x2
You closely miss Pikel.
Pikel is severely wounded.
You closely miss the lemure. x2; You barely miss the goblin.
The goblin barely misses you.
Pikel hits you with a +0 whip of electrocution.
The lemure hits you but does no damage. x3
Pikel hits you with a +0 whip of electrocution.
The lemure hits you. The goblin hits you but does no damage.
You barely miss Pikel. Your headbutt misses Pikel.
Pikel is severely wounded.
You slice the lemure!!
You kill the lemure!
That felt strangely unrewarding.
You closely miss the lemure. You slice the goblin!!
You kill the goblin!
You slash the lemure! The lemure hits you. x2
Pikel hits you with a +0 whip of electrocution.
* * * LOW HITPOINT WARNING * * *
You are electrocuted!!
You die...

# ...
###..####.
##.........
##..........
#...........
#...........
#...5K......
#...@5......
#....)......
##..........
##$........
##########
#.### #....
#.... #....
#####


You could see Pikel and 2 lemures.

Vanquished Creatures
  2 lemures (D:4)
  2 scorpions (D:4)
  A hound (D:2)
  An orc priest (D:3)
  3 orc wizards (D:3)
  An ufetubus (D:3)
  2 worms (D:4)
  5 dart slugs
  6 orcs (D:3)
  3 endoplasms (D:1)
  2 giant cockroaches
  7 hobgoblins
  4 jackals (D:2)
  4 quokkas
  3 ball pythons
  6 bats
  3 frilled lizards (D:2)
  4 goblins
  3 kobolds
  10 rats
72 creatures vanquished.

Vanquished Creatures (others)
  2 fungi (D:2)
  3 plants (D:2)
5 creatures vanquished.

Grand Total: 77 creatures vanquished

Notes
Turn   | Place    | Note
-------+----------+-------------------------------------------
     0 | D:1      | Mysteryquy the Minotaur Fighter began the quest for the
                  | Orb.
     0 | D:1      | Reached XP level 1. HP: 19/19 MP: 0/0
    97 | D:1      | Reached XP level 2. HP: 27/27 MP: 1/1
   495 | D:1      | Reached XP level 3. HP: 33/33 MP: 2/2
   612 | D:2      | Found a faded altar of an unknown god.
  1115 | D:2      | Reached XP level 4. HP: 40/40 MP: 3/3
  1230 | D:3      | Found Goick's Armour Emporium.
  1374 | D:3      | You fall into a shaft and drop 2 floors!
  1374 | D:5      | Entered Level 5 of the Dungeon
  1808 | D:3      | Reached skill level 5 in Armour
  1809 | D:3      | Reached XP level 5. HP: 38/47 MP: 4/4
  1947 | D:3      | Found an opulent altar of Gozag.
  2047 | D:4      | Reached XP level 6. HP: 55/55 MP: 5/5
  2063 | D:4      | Noticed a moth of wrath
  2066 | D:4      | Found a bloodstained altar of Trog.
  2092 | D:4      | Reached skill level 5 in Axes
  2229 | D:4      | Noticed Pikel
  2236 | D:4      | Mangled by Pikel

Illustrated notes

Levels and vault maps discovered:
D:1:      lemuel_arrival_river_ford, layout_rooms,
          chequers_serial_rivers_small_b
D:2:      layout_loops_ring, shapermc_ecumenical_altar_gd, minmay_crystal_water,
          kennysheep_generic_room_3
D:3:      layout_loops_ring, nicolae_gozag_seed_capital, serial_shops,
          nicolae_shop_pleasant_corner_grove
D:4:      layout_rooms, tgw_trog, uniq_pikel
D:5:      layout_basic, gammafunk_ghost_hive

Skill      XL: |  1  2  3  4  5  6 |
---------------+-------------------+-----
Shields        | 4 |  4.7
Armour         | 4 5 |  5.4
Fighting       | 4 |  4.9
Axes           | 3 4 5 |  5.3
Dodging        | |  0.4

Action                     |  1- 3 |  4- 6 || total
---------------------------+-------+-------++-------
  Melee: War axe           |    69 |    61 ||   130
         Headbutt          |     6 |     8 ||    14
         Executioner's axe |       |     8 ||     8
    Use: Potion            |       |     2 ||     2
 Armour: Plate armour      |    57 |    47 ||   104
  Dodge: Dodged            |    23 |    21 ||    44
  Block: Buckler           |    17 |     6 ||    23
